 Dungeon Crawl Stone Soup version 0.24.0-13-gcf9b319 (webtiles) character file.

Game seed: 7695333343852799337, levelgen mode: deterministic

9149 warborn304 the Basher (level 11, -14/151 HPs)
             Began as a Minotaur Berserker on Jan 4, 2020.
             Was a Priest of Trog.
             Demolished by Bogyh's ghost (25 damage)
             ... on level 10 of the Dungeon.
             The game lasted 00:20:45 (10897 turns).

warborn304 the Basher (Minotaur Berserker)         Turns: 10897, Time: 00:20:45

Health: -14/151    AC: 14    Str: 29    XL:     11   Next: 19%
Magic:  11/11      EV: 10    Int:  4    God:    Trog [***...]
Gold:   482        SH:  0    Dex: 19    Spells: 10/10 levels left

rFire    . . .     SeeInvis .   u - +5 flail
rCold    . . .     Gourm    .   (no shield)
rNeg     . . .     Faith    .   l - +0 plate armour
rPois    .         Spirit   .   (helmet restricted)
rElec    .         Reflect  .   (no cloak)
rCorr    .         Harm     .   (no gloves)
MR       .....                  (no boots)
Stlth    ..........             (no amulet)
HPRegen  0.35/turn              f - +6 ring of dexterity
MPRegen  0.12/turn              q - +2 ring of strength

@: berserking, studying Throwing, very quick
A: retaliatory headbutt, beak, horns 2, high mp 1
a: Berserk, Trog's Hand, Renounce Religion


You were on level 10 of the Dungeon.
You worshipped Trog.
Trog was most pleased with you.
You were not hungry.

You visited 2 branches of the dungeon, and saw 11 of its levels.

You collected 482 gold pieces.

Inventory:

Hand Weapons
 u - a +5 flail (weapon)
 x - a +0 morningstar
Missiles
 j - 7 boomerangs
 k - 22 poisoned darts
 o - 2 datura-tipped darts
 t - a javelin (quivered)
Armour
 l - a +0 plate armour (worn)
Jewellery
 f - a +6 ring of dexterity (left hand)
 q - a +2 ring of strength (right hand)
 r - the ring of Arrival {rPois rN+ MP+9}
   (You found it on level 5 of the Dungeon)

   [ring of magical power]

   It protects you from poison.
   It protects you from negative energy.
   It affects your magic capacity (+9).
 y - an uncursed ring of fire
Wands
 d - a wand of digging (5)
 v - a wand of flame (19)
Scrolls
 b - 4 scrolls of identify
 e - 7 scrolls of remove curse
 i - a scroll of blinking
 m - 3 scrolls of teleportation
 w - a scroll of fog
 A - a scroll of fear
Potions
 a - a potion of heal wounds
 g - 2 potions of haste
 h - a potion of experience {unknown}
 p - 2 potions of resistance
 s - 5 potions of curing
 z - 2 potions of agility {unknown}
Books
 n - a manual of Throwing
Comestibles
 c - 15 rations


   Skills:
 * Level 10.9 Fighting
 * Level 14.4 Maces & Flails
 + Level 10.6 Armour
 + Level 3.3 Dodging


You had 10 spell levels left.
You didn't know any spells.
Your spell library was empty.

Dungeon Overview and Level Annotations

Branches:
Dungeon (10/15)            Temple (1/1) D:5            Lair (0/6) D:9
    Orc (0/2) D:10

Altars:
Ashenzari
Cheibriados
Dithmenos
Elyvilon
Fedhas
Gozag
Hepliaklqana
Kikubaaqudgha
Makhleb
Nemelex Xobeh
Okawaru
Qazlal
Ru
Sif Muna
Trog
Uskayaw
Vehumet
Wu Jian
Xom
Yredelemnul
Zin
The Shining One

Annotations:
D:10 Bogyh's ghost, journeyman TrMo


Innate Abilities, Weirdness & Mutations

You reflexively headbutt those who attack you in melee.
You have a pair of horns on your head.
You have a beak for a mouth.
You have an increased reservoir of magic. (+10% MP)


Message History

Bogyh's ghost hits you!
You sock Wuje's ghost! You headbutt Wuje's ghost!
Wuje's ghost is severely damaged.
Wuje's ghost hits you!!
You hit Wuje's ghost but do no damage. You headbutt Wuje's ghost.
You peck Wuje's ghost!
Wuje's ghost is almost destroyed.
Bogyh's ghost hits you!!
* * * LOW HITPOINT WARNING * * *
You barely miss Wuje's ghost.
You headbutt Wuje's ghost, but do no damage.
You peck Wuje's ghost, but do no damage.
Wuje's ghost is almost destroyed.
Wuje's ghost hits you!!
* * * LOW HITPOINT WARNING * * *
You thump Wuje's ghost! You headbutt Wuje's ghost!
You destroy Wuje's ghost!
Trog accepts your kill. Bogyh's ghost hits you!!
You die...

#.........'....#.#.....'......#..
#.........#....#.#.....########..
#.........#......'...........##..
#.......########.###+####....##..
#.......###$P⌠P#.#.....##....##..
........##8....#.#...........###'
. |.....#.#...........#... .
P.....'W#...........#...
⌠.....'@............#...
P.....'.............#.## #
?.....#.########....#.# .#
#8....#.. #....#.## ...'
##=P⌠P#.. #....#... ...#
######... #....#... ...# ....
#....#... ...# ..... #....#...
...# #....#...


You could see Bogyh's ghost.

Vanquished Creatures
  The ghost of Wuje the Carver, a journeyman MiFi of Okawaru (D:10)
  An unseen horror (D:10)
  A troll (D:9)
  A queen bee (D:8)
  A wraith (D:9)
  6 yaks (D:10)
  A human (D:7)
  4 hogs (D:7)
  A steam dragon (D:9)
  A water moccasin (D:8)
  2 ice beasts
  7 orc warriors
  A black bear (D:8)
  2 sky beasts (D:9)
  A necrophage (D:6)
  5 ogres
  A phantom (D:9)
  7 centaurs
  A big kobold (D:8)
  6 bullfrogs
  3 scorpions
  15 killer bees (D:8)
  2 howler monkeys (D:9)
  2 crimson imps
  2 hounds
  A quasit (D:7)
  A bullfrog zombie (D:3)
  2 orc priests
  3 centaur skeletons
  2 bullfrog skeletons
  3 iguanas
  9 worker ants
  6 orc wizards
  A killer bee zombie (D:6)
  A hound skeleton (D:6)
  A worker ant zombie (D:6)
  4 gnolls (D:4)
  10 adders
  4 shadow imps
  An ooze (D:2)
  An adder skeleton (D:5)
  2 adder zombies
  6 worms
  2 dart slugs
  9 leopard geckos
  16 orcs
  3 giant cockroaches
  6 hobgoblins
  6 jackals
  A quokka (D:7)
  4 ball pythons
  3 bats (D:2)
  17 frilled lizards
  5 goblins (D:3)
  11 kobolds
  A leopard gecko skeleton (D:4)
  7 rats
  A toadstool (D:1)
225 creatures vanquished.

Vanquished Creatures (collateral kills)
  A two-headed ogre (D:9)
  A deep elf mage (D:10)
  A troll (D:10)
  A wyvern (D:10)
  A killer bee (D:8)
  4 wights (D:10)
9 creatures vanquished.

Vanquished Creatures (others)
  A quokka (D:6)
  3 toadstools (D:1)
4 creatures vanquished.

Grand Total: 238 creatures vanquished

Notes
Turn   | Place    | Note
-------+----------+-------------------------------------------
     0 | D:1      | warborn304 the Minotaur Berserker began the quest for the
                  | Orb.
     0 | D:1      | Reached XP level 1. HP: 19/19 MP: 0/0
   517 | D:1      | Reached skill level 4 in Maces & Flails
   530 | D:1      | Reached XP level 2. HP: 24/27 MP: 1/1
   855 | D:1      | Reached XP level 3. HP: 34/34 MP: 2/2
   938 | D:2      | Reached ** piety under Trog
   946 | D:2      | Found a basalt altar of Yredelemnul.
  1484 | D:2      | Reached XP level 4. HP: 41/41 MP: 3/3
  1820 | D:3      | Reached skill level 5 in Fighting
  1911 | D:3      | Gained mutation: You evolve. [potion of mutation]
  1911 | D:3      | Gained mutation: You have an increased reservoir of magic.
                  | (+10% MP) [potion of mutation]
  1977 | D:3      | Reached skill level 5 in Maces & Flails
  2071 | D:3      | Gained mutation: You have a beak for a mouth. [evolution]
  2071 | D:3      | Lost mutation: You evolve. [end of evolution]
  2391 | D:3      | Reached *** piety under Trog
  2391 | D:3      | Reached XP level 5. HP: 48/48 MP: 4/4
  2591 | D:4      | Reached skill level 6 in Maces & Flails
  2769 | D:4      | Reached XP level 6. HP: 51/56 MP: 5/5
  3665 | D:5      | Entered Level 5 of the Dungeon
  3723 | D:5      | Reached skill level 7 in Maces & Flails
  3740 | D:5      | Reached XP level 7. HP: 41/61 MP: 6/6
  4055 | D:5      | Found a staircase to the Ecumenical Temple.
  4062 | D:5      | Reached skill level 8 in Maces & Flails
  4062 | D:5      | Reached skill level 5 in Armour
  4284 | D:5      | Got a wavering ivory ring
  4581 | Temple   | Entered the Ecumenical Temple
  4961 | D:6      | Found a sparkling altar of Nemelex Xobeh.
  5128 | D:6      | Reached skill level 9 in Maces & Flails
  5139 | D:6      | Reached XP level 8. HP: 20/70 MP: 7/7
  5378 | D:6      | Identified the ring of Arrival {rPois rN+ MP+9} (You found
                  | it on level 5 of the Dungeon)
  5463 | D:6      | Found a white marble altar of Elyvilon.
  5543 | D:6      | Reached **** piety under Trog
  5556 | D:6      | Reached skill level 10 in Maces & Flails
  6137 | D:7      | Reached skill level 11 in Maces & Flails
  6381 | D:7      | Found a sacrificial altar of Ru.
  6385 | D:7      | Found a shattered altar of Ashenzari.
  6422 | D:7      | Reached XP level 9. HP: 77/79 MP: 8/8
  6648 | D:7      | You fall into a shaft and drop 3 floors!
  6648 | D:10     | Entered Level 10 of the Dungeon
  7056 | D:10     | Killed an unseen horror
  7056 | D:10     | Reached skill level 12 in Maces & Flails
  7078 | D:10     | Noticed a troll
  7080 | D:10     | Killed a troll
  7436 | D:9      | Noticed a troll
  7447 | D:9      | Killed a troll
  7709 | D:7      | Reached XP level 10. HP: 90/90 MP: 10/10
  7891 | D:7      | Found a shimmering altar of Xom.
  7895 | D:7      | Found a hazy altar of Hepliaklqana.
  8082 | D:7      | Reached skill level 13 in Maces & Flails
  8326 | D:8      | Found an ancient bone altar of Kikubaaqudgha.
  8889 | D:8      | Reached skill level 10 in Fighting
  9443 | D:9      | Reached skill level 14 in Maces & Flails
  9460 | D:9      | Found a staircase to the Lair.
  9462 | D:9      | Noticed a two-headed ogre
  9468 | D:9      | Killed a two-headed ogre
  9468 | D:9      | Reached skill level 10 in Armour
 10239 | D:10     | Noticed a deep elf mage
 10248 | D:10     | Killed a deep elf mage
 10248 | D:10     | Reached XP level 11. HP: 78/101 MP: 11/11
 10449 | D:10     | Found a staircase to the Orcish Mines.
 10870 | D:10     | Found a runed translucent gate.
 10870 | D:10     | Found a runed translucent gate.
 10870 | D:10     | Found a runed translucent gate.
 10872 | D:10     | Noticed Wuje's ghost (journeyman MiFi)
 10873 | D:10     | Noticed Bogyh's ghost (journeyman TrMo)
 10896 | D:10     | Killed Wuje's ghost
 10897 | D:10     | Demolished by Bogyh's ghost

Levels and vault maps discovered:
D:1:      ldierk_water_garden, layout_basic, minmay_lizard_king
D:2:      layout_basic, yredelemnul_altar_generic
D:3:      layout_basic, minmay_bisected
D:4:      layout_layer_cave
D:5:      layout_cave_pools, minmay_temple_entry_wispy, first_ration,
          chequers_serial_rivers_micro_a
D:6:      layout_loops_ring, lemuel_crystal_altar, elyvilon_altar_4
D:7:      layout_loops_cross, minitemple, grunt_livestock,
          minmay_manual_monstrance
D:8:      layout_loops_ring, kennysheep_mini, nicolae_looking_at_the_future
D:9:      layout_stronghold, lair_entry_dummy
D:10:     layout_stronghold, orc_0_dummy, gammafunk_ghost_cemetery, uniq_psyche
Temple:   eino_temple_water

Skill      XL: |  1  2  3  4  5  6  7  8  9 10 |
---------------+-------------------------------+-----
Maces & Flails | 4 5 6 7 9 11 12 14 | 14.4
Fighting       | 4 5 6 7 8 10 | 10.9
Armour         | 3 4 5 6 8 10 | 10.6
Dodging        | 3 |  3.3

Action                   |  1- 3 |  4- 6 |  7- 9 | 10-12 || total
-------------------------+-------+-------+-------+-------++-------
Melee: Mace              |    65 |    57 |       |       ||   122
       Headbutt          |    15 |    16 |    45 |    49 ||   125
       Peck              |       |     8 |    39 |    53 ||   100
       Flail             |       |     7 |   176 |   165 ||   348
Throw: Boomerang         |    11 |    41 |    20 |       ||    72
       Javelin           |     9 |    42 |     6 |       ||    57
Invok: Berserk           |       |       |     3 |     2 ||     5
       Brothers in Arms  |       |       |     3 |     4 ||     7
       Trog's Hand       |       |       |     1 |     1 ||     2
  Use: Scroll            |       |     6 |     4 |     7 ||    17
       Potion            |       |     4 |     5 |     2 ||    11
  Eat: Chunk             |       |     4 |     2 |       ||     6
       Ration            |       |     2 |     4 |     4 ||    10
Armor: Ring mail         |    17 |    24 |     4 |       ||    45
       Animal skin       |     1 |       |       |       ||     1
       Scale mail        |       |       |     1 |       ||     1
       Plate armour      |       |       |    85 |    86 ||   171
Dodge: Dodged            |    34 |    46 |    99 |    76 ||   255
